 Dungeon Crawl Stone Soup version 0.28-a0-925-gd5e1996cdb (webtiles) character file.

Game seed: 15871086055699525240

4357 mcbry74 the Cleaver (level 10, -4/88 HPs)
             Began as a Hill Orc Fighter on Nov 27, 2021.
             Was a Follower of Makhleb.
             Slain by a boulder beetle (18 damage)
             ... on level 8 of the Dungeon.
             The game lasted 00:28:38 (6788 turns).

mcbry74 the Cleaver (Hill Orc Fighter)              Turns: 6788, Time: 00:28:38

Health: -4/88      AC: 17    Str: 23    XL:     10   Next: 34%
Magic:  13/13      EV:  8    Int: 11    God:    Makhleb [*.....]
Gold:   473        SH:  0    Dex: 16    Spells: 9/9 levels left

rFire   . . .      SeeInvis .   B - +6 great mace
rCold   . . .      Faith    .   (shield currently unavailable)
rNeg    . . .      Spirit   .   r - +0 chain mail
rPois   .          Reflect  .   t - +1 hat
rElec   .          Harm     .   i - +0 cloak {Will+}
rCorr   .          Rampage  .   (no gloves)
Will    +....                   x - +0 pair of boots
Stlth   ..........              j - amulet of regeneration
HPRegen 1.04/turn               q - +4 ring of protection
MPRegen 0.13/turn               A - ring of the Princeling {Int+3 Dex+6 Slay+3}

@: no status effects
A: no striking features
a: Renounce Religion


You were on level 8 of the Dungeon.
You worshipped Makhleb.
Makhleb was aware of your devotion.
You visited 2 branches of the dungeon, and saw 9 of its levels.

You collected 473 gold pieces.

Inventory:

Hand Weapons
 a - a +0 war axe
 B - a +6 great mace (weapon)
 L - a +1 battleaxe
 M - the +3 hand axe of the Dwarven Hall {vorpal, rN++ Int-4}
   (You found it on level 8 of the Dungeon)

   It inflicts extra damage upon your enemies.
   Int:       It affects your intelligence (-4).
   rN:        It greatly protects you from negative energy.
Missiles
 w - a curare-tipped dart
 y - 41 poisoned darts (quivered)
Armour
 b - a +0 scale mail
 c - a +0 buckler
 h - a +0 kite shield
 i - a +0 cloak of willpower (worn)
 n - a +0 tower shield
 p - a +0 pair of boots
 r - a +0 chain mail (worn)
 t - a +1 hat (worn)
 x - a +0 pair of boots (worn)
Jewellery
 j - an amulet of regeneration (around neck)
 q - a +4 ring of protection (left hand)
 s - a ring of ice
 A - the ring of the Princeling (right hand) {Int+3 Dex+6 Slay+3}
   (You found it on level 4 of the Dungeon)

   [ring of dexterity]

   Int:       It affects your intelligence (+3).
   Dex:       It affects your dexterity (+6).
   Slay:      It affects your accuracy & damage with ranged weapons and melee
   (+3).
Wands
 g - a wand of mindburst (12)
 k - a wand of polymorph (9)
 o - a wand of iceblast (8)
 u - a wand of paralysis (27)
Scrolls
 f - 3 scrolls of amnesia
 v - a scroll of teleportation
 E - a scroll of enchant weapon
 G - a scroll of fear {unknown}
 H - 2 scrolls of identify
 K - 2 scrolls of blinking
 N - a scroll of noise {unknown}
Potions
 d - 2 potions of might
 e - 2 potions of attraction
 l - a potion of resistance
 m - 2 potions of curing
 z - 2 potions of heal wounds
 C - a potion of ambrosia {unknown}
 D - a potion of cancellation {unknown}
 F - 2 potions of flight
 I - 2 potions of brilliance {unknown}
 J - a potion of lignification {unknown}


   Skills:
 + Level 8.0 Fighting
 + Level 14.1(14.3) Axes
 + Level 3.1(8.3) Maces & Flails
 - Level 6.0 Armour
 - Level 3.2 Shields
 + Level 5.1 Invocations
 - Level 4.0 Evocations


You had 9 spell levels left.
You didn't know any spells.
Your spell library contained the following spells:

 Spells                   Type           Power      Damage    Failure   Level
 Freeze                   Ice            0%         1d3       94%         1
 Slow                     Hex            0%         N/A       94%         1
 Corpse Rot               Necr/Air       0%         N/A       98%         2
 Passwall                 Tmut/Erth      0%         N/A       98%         2
 Poisonous Vapours        Pois/Air       0%         N/A       98%         2
 Confusing Touch          Hex            0%         N/A       100%        3
 Frozen Ramparts          Ice            0%         1d2       100%        3
 Swiftness                Air            0%         N/A       100%        3
 Vampiric Draining        Necr           0%         2d6       100%        3
 Hailstorm                Conj/Ice       0%         3d3       100%        4
 Fireball                 Conj/Fire      0%         3d3       100%        5
 Starburst                Conj/Fire      0%         6d3       100%        6
 Ignition                 Fire           0%         3d3       100%        8


Dungeon Overview and Level Annotations

Branches:
Dungeon (8/15)             Temple (1/1) D:6
   Lair: D:8-11

Altars:
Cheibriados
Dithmenos
Elyvilon
Fedhas
Gozag
Hepliaklqana
Kikubaaqudgha
Makhleb
Nemelex Xobeh
Okawaru
Qazlal
Sif Muna
Trog
Vehumet
Wu Jian
Xom
Yredelemnul

Shops:
D:7 =


Message History

You see here an amulet of reflection.
You sock the boulder beetle!
The boulder beetle is heavily wounded.
The boulder beetle bites you.
You hit the boulder beetle.
The boulder beetle is heavily wounded.
The boulder beetle bites you!
You hit the boulder beetle.
The boulder beetle is heavily wounded.
The boulder beetle bites you! x2
You hit the boulder beetle but do no damage.
The boulder beetle is heavily wounded.
The boulder beetle bites you!!
You barely miss the boulder beetle.
The boulder beetle is heavily wounded.
The boulder beetle bites you!
* * * LOW HITPOINT WARNING * * *
It was a potion of heal wounds.
You feel much better. The boulder beetle bites you!
You sock the boulder beetle!
The boulder beetle is severely wounded.
The boulder beetle leaps!
The boulder beetle bites you.
You hit the boulder beetle but do no damage.
The boulder beetle is severely wounded.
The boulder beetle bites you!
* * * LOW HITPOINT WARNING * * *
The boulder beetle leaps!
The boulder beetle barely misses you.
You hit the boulder beetle.
The boulder beetle is severely wounded.
The boulder beetle bites you but does no damage.
You completely miss the boulder beetle.
The boulder beetle is severely wounded.
The boulder beetle bites you!
* * * LOW HITPOINT WARNING * * *
You barely miss the boulder beetle.
The boulder beetle is heavily wounded.
The boulder beetle barely misses you. The boulder beetle bites you!!
You die...

#$. #.### ....#
# #.#.#
#.##.#.#
##.#..#.#
#.[.....#
#..#.#B.#
#....@..#######
#.##...<.......
# ###.########
...# #####


You could see a boulder beetle.

Vanquished Creatures
  The ghost of vineage the Fighter, a novice GrFi (D:4)
  4 yaks (D:8)
  A wraith (D:5)
  3 wargs
  2 sky beasts
  4 ogres
  3 necrophages
  A centaur (D:5)
  A phantom (D:5)
  A kobold brigand (D:6)
  A bullfrog (D:8)
  A wyvern zombie (D:7)
  2 scorpions
  6 water moccasin zombies (D:5)
  A water moccasin skeleton (D:5)
  10 wights
  A howler monkey (D:5)
  2 bullfrog zombies (D:5)
  3 centaur zombies (D:5)
  2 centaur skeletons (D:7)
  4 hounds
  A human zombie (D:5)
  2 orc priests (D:8)
  A bullfrog skeleton (D:6)
  Jessica (D:3)
  6 orc wizards
  Natasha (thrice) (D:4)
  Terence (D:3)
  2 iguanas
  A hound zombie (D:5)
  2 hound skeletons (D:5)
  2 mummies (D:5)
  3 adders
  A white imp (D:5)
  An ufetubus (D:7)
  An adder zombie (D:5)
  A worm (D:2)
  2 dart slugs
  15 orcs
  2 ball pythons (D:1)
  5 endoplasms
  2 giant cockroaches
  2 goblins
  2 hobgoblins
  6 jackals
  6 kobolds
  2 quokkas
  10 bats
  3 frilled lizards (D:1)
  5 rats
145 creatures vanquished.

Vanquished Creatures (others)
  A black bear (D:5)
  An orc wizard (D:5)
2 creatures vanquished.

Grand Total: 147 creatures vanquished

Notes
Turn   | Place    | Note
-------+----------+-------------------------------------------
     0 | D:1      | mcbry74 the Hill Orc Fighter began the quest for the Orb.
     0 | D:1      | Reached XP level 1. HP: 19/19 MP: 1/1
    15 | D:1      | Reached skill level 3 in Axes
    59 | D:1      | Reached XP level 2. HP: 18/26 MP: 2/2
   186 | D:1      | Reached skill level 4 in Axes
   325 | D:1      | Reached XP level 3. HP: 31/31 MP: 3/3
   826 | D:2      | Found a faded altar of an unknown god.
   848 | D:2      | Reached skill level 5 in Axes
  1538 | D:3      | Found a bloodstained altar of Trog.
  1601 | D:3      | Found an opulent altar of Gozag.
  1601 | D:3      | Found a sparkling altar of Nemelex Xobeh.
  1635 | D:3      | Noticed Jessica
  1662 | D:3      | Killed Jessica
  1663 | D:3      | Reached XP level 4. HP: 39/39 MP: 4/4
  1761 | D:3      | Noticed Terence
  1762 | D:3      | Found a hazy altar of Hepliaklqana.
  1780 | D:3      | Killed Terence
  1781 | D:3      | Reached skill level 6 in Axes
  2021 | D:4      | Reached XP level 5. HP: 27/45 MP: 5/5
  2593 | D:4      | Identified the ring of the Princeling {Int+3 Dex+6 Slay+3}
  2668 | D:4      | Noticed vineage's ghost (novice GrFi)
  2668 | D:4      | Noticed an ogre
  2671 | D:4      | Found a transporter.
  2676 | D:4      | Noticed an ogre
  2686 | D:4      | Found a transporter.
  2693 | D:4      | Killed an ogre
  2694 | D:4      | Reached skill level 7 in Axes
  2694 | D:4      | Reached XP level 6. HP: 25/51 MP: 6/6
  2702 | D:4      | Killed vineage's ghost
  2703 | D:4      | Reached skill level 9 in Axes
  2703 | D:4      | Reached skill level 5 in Armour
  2703 | D:4      | Reached XP level 7. HP: 23/57 MP: 7/7
  2775 | D:4      | Noticed Natasha
  2780 | D:4      | Killed Natasha
  2814 | D:4      | Noticed Natasha
  2819 | D:4      | Killed Natasha
  3006 | D:4      | Noticed Natasha
  3018 | D:4      | Killed Natasha
  3249 | D:5      | Entered Level 5 of the Dungeon
  3322 | D:5      | Reached skill level 10 in Axes
  3322 | D:5      | Reached XP level 8. HP: 61/64 MP: 8/8
  3536 | D:5      | Found a shimmering altar of Xom.
  3555 | D:5      | Reached skill level 1 in Evocations
  3598 | D:5      | Reached skill level 11 in Axes
  3757 | D:5      | Identified a scroll of acquirement
  3757 | D:5      | Acquired a +0 cloak of willpower
  3766 | D:5      | Reached skill level 5 in Fighting
  3829 | D:5      | Noticed a wraith
  3845 | D:5      | Killed a wraith
  3922 | D:5      | Reached XP level 9. HP: 74/74 MP: 9/9
  4254 | D:5      | Reached skill level 12 in Axes
  4296 | D:5      | Found a shimmering blue altar of Sif Muna.
  4574 | D:5      | Found an ancient bone altar of Kikubaaqudgha.
  4821 | D:6      | Found a staircase to the Ecumenical Temple.
  4873 | Temple   | Entered the Ecumenical Temple
  5201 | Temple   | Became a worshipper of Makhleb the Destroyer
  5370 | D:6      | Reached skill level 1 in Invocations
  5449 | D:6      | Reached skill level 13 in Axes
  6183 | D:7      | Found Buph's Jewellery Shop.
  6529 | D:8      | Reached * piety under Makhleb
  6530 | D:8      | Reached skill level 1 in Maces & Flails
  6536 | D:8      | Reached XP level 10. HP: 65/85 MP: 12/12
  6570 | D:8      | Identified the +3 hand axe of the Dwarven Hall {vorpal,
                  | rN++ Int-4}
  6621 | D:8      | Found a blossoming altar of Fedhas.
  6709 | D:8      | Reached skill level 14 in Axes
  6728 | D:8      | Reached skill level 5 in Invocations
  6728 | D:8      | Noticed a two-headed ogre
  6765 | D:8      | Noticed a boulder beetle
  6788 | D:8      | Slain by a boulder beetle

Illustrated notes

Levels and vault maps discovered:
D:1:      grunt_arrival_crossed_arrows, layout_rooms, minmay_pentomino_t4
D:2:      layout_basic, ebering_ecumenical_altar_petrified
D:3:      layout_basic, grunt_temple_overflow_opulence,
          mainiacjoe_overflow_alcove_4, mainiacjoe_overflow_small_starburst,
          uniq_jessica, uniq_terence
D:4:      layout_layer_cave, gammafunk_ghost_smash, uniq_natasha
D:5:      layout_layer_cave, xom_confusion_cloud, marbit_many_paths,
          lemuel_mausoleum_altar_kikubaaqudgha
D:6:      layout_basic, minmay_temple_entry_offerings, minivault_10
D:7:      layout_gridville, serial_shops, shop, corexii_corridor_pit,
          minmay_misc_feat_hallway
D:8:      layout_loops_cross, fedhas_altar_2, erik_lair_orcish_takeover,
          kennysheep_path_1
Temple:   compressed_dpeg_triangle_lava_temple

Skill      XL: |  1  2  3  4  5  6  7  8  9 10 |
---------------+-------------------------------+-----
Axes           | 3 4 5 6 7 9 10 11 13 14 | 14.1
Armour         | 4 5 6 |  6.0
Fighting       | 5 7 8 |  8.0
Evocations     | 3 4 |  4.0
Invocations    | 3 5 |  5.1
Maces & Flails | 1 3 |  3.1
Shields        | |  3.2

Action                   |  1- 3 |  4- 6 |  7- 9 | 10-12 || total
-------------------------+-------+-------+-------+-------++-------
Melee: War axe           |   134 |    70 |   283 |       ||   487
       Great mace        |       |       |    23 |    49 ||    72
  Use: Scroll            |       |     1 |    11 |       ||    12
       Potion            |       |     1 |     2 |     1 ||     4
Armor: Scale mail        |    77 |       |       |       ||    77
       Chain mail        |     2 |    56 |   170 |    26 ||   254
Dodge: Dodged            |    52 |    20 |    61 |    21 ||   154
Block: Buckler           |     6 |       |       |       ||     6
       Kite shield       |    45 |    46 |   101 |       ||   192

Table legend: (Time is in decaauts)
 A = Elapsed time spent in this place.
 B = Non-inter-level travel time spent in this place.
 C = Inter-level travel time spent in this place.
 D = Time resting spent in this place.
 E = Time spent auto-exploring this place.
 F = Levels seen in this place.
 G = Mean time per level.
                   A        B        C        D        E       F      G
               +--------+--------+--------+--------+--------+-----+--------+
         Total |   6981 |   6821 |    160 |    154 |   5008 |   9 |  775.7 |
       Dungeon |   6615 |   6470 |    145 |    154 |   4704 |   8 |  826.9 |
        Temple |    366 |    351 |     15 |      0 |    304 |   1 |  366.0 |
               +--------+--------+--------+--------+--------+-----+--------+

Top non-repeatable levels by time:
     D:5: 1517 daAuts
     D:4: 1322 daAuts
     D:2: 814 daAuts
     D:7: 790 daAuts
     D:6: 664 daAuts
     D:3: 658 daAuts
     D:1: 566 daAuts
  Temple: 366 daAuts
     D:8: 280 daAuts
